 Dungeon Crawl Stone Soup version 0.18-a0-1788-g92de1ac (webtiles) character file.

36 Etesian the Insei (level 3, -2/27 HPs)
             Began as a Merfolk Transmuter on Apr 21, 2016.
             Slain by a gnoll
             ... wielding a +0 whip
              (4 damage)
             ... on level 2 of the Dungeon.
             The game lasted 00:03:24 (1461 turns).

Etesian the Insei (Merfolk Transmuter)              Turns: 1461, Time: 00:03:25

Health: -2/27      AC:  3    Str: 10    XL:     3   Next: 37%
Magic:  6/6        EV:  7    Int: 13    God:
Gold:   139        SH:  0    Dex: 14    Spells: 2 memorised, 2 levels left

rFire  + . .     SeeInvis .       - Unarmed
rCold  . . .     Gourm    .     b - +1 robe
rNeg   . . .     Faith    .     (no shield)
rPois  +         Spirit   .     (no helmet)
rElec  .         Dismiss  .     (no cloak)
rCorr  .         Reflect  .     (no gloves)
SustAt .         Harm     .     (no boots)
MR     .....                    (no amulet)
Stlth  +.........               k - ring of poison resistance
                                m - ring of protection from fire

@: lethally poisoned (-2 -> -3), held, not resistant to hostile enchantments,
very unstealthy
A: change form in water, swift swim
a: no special abilities


You were on level 2 of the Dungeon.
You were not hungry.

You visited 1 branch of the dungeon, and saw 2 of its levels.

You collected 139 gold pieces.

Inventory:

Missiles
 a - 33 arrows
Armour
 b - a +1 robe (worn)
Jewellery
 h - an uncursed ring of resist corrosion
 k - a ring of poison resistance (right hand)
 m - a ring of protection from fire (left hand)
Scrolls
 i - a scroll of teleportation
 o - a scroll of remove curse
 p - a scroll of enchant armour
Potions
 e - a potion of magic {unknown}
 f - 2 potions of ambrosia
 j - a potion of degeneration {unknown}
 l - a potion of might {unknown}
 n - 3 potions of curing
 q - a potion of lignification {unknown}
Books
 c - a book of Changes

   Spells                             Type                      Level
   a - Beastly Appendage              Transmutation                1
   b - Sticks to Snakes               Transmutation                2
   c - Spider Form                    Transmutation/Poison         3
   d - Ice Form                       Ice/Transmutation            4
   e - Blade Hands                    Transmutation                5
Comestibles
 d - 2 bread rations
 g - 3 chunks of flesh
 r - a meat ration


   Skills:
 + Level 1.9 Fighting
 + Level 2.9 Dodging
 * Level 3.5 Unarmed Combat
 + Level 2.4 Spellcasting
 * Level 3.3 Transmutations


You had 2 spell levels left.
You knew the following spells:

 Your Spells              Type           Power        Failure   Level  Hunger
a - Beastly Appendage     Trmt           ##....       10%         1    #......
b - Spider Form           Trmt/Pois      #.........   38%         3    ###....


Dungeon Overview and Level Annotations

Branches:
Dungeon (2/15)

Altars:
Vehumet


Message History

The gnoll hits you from afar with a halberd.
* * * LOW HITPOINT WARNING * * *
The gnoll misses you.
A gnoll comes into view. It is wielding a halberd.
You take 6 damage, and have 4/27 hp.
MASSIVE DAMAGE!!
MP restored: 6
* * * LOW HITPOINT WARNING * * *
You feel sick.
The gnoll shouts!
You take 1 damage, and have 3/27 hp.
Your horns disappear.
The gnoll throws a throwing net.
The throwing net hits you.
You become entangled in the net!
You see here a throwing net.
You try to slip out of the net.
* * * LOW HITPOINT WARNING * * *
You feel sick. The gnoll hits you but does no damage.
You take 1 damage, and have 2/27 hp.
You struggle to escape the net.
The gnoll hits you with a whip.
You die...

#####.####......#
.........#......########
......##.#.............#
....(.##.#.....#.....#.#
......##.#.....#..#.##.#
......##.##.##.#..#....#
+####.##.##.##.)..######
#.##....#####.#
#.##.##.....@g###
#.##.##.#<###.g.#
#.##.##.### #.#g#
#.##<##.. #.#.#
#.####### #.#g# #.#
..#.# ..# ###g# ...
#...#


You could see 3 gnolls.

Vanquished Creatures
  An adder (D:2)
  A dart slug (D:2)
  A giant gecko (D:2)
  A giant cockroach (D:1)
  3 goblins
  2 hobgoblins (D:2)
  4 jackals (D:2)
  2 kobolds (D:1)
  5 bats
  3 rats
23 creatures vanquished.

Notes
Turn   | Place    | Note
--------------------------------------------------------------
     0 | D:1      | Etesian the Merfolk Transmuter began the quest for the Orb.
     0 | D:1      | Reached XP level 1. HP: 15/15 MP: 3/3
   377 | D:1      | Reached XP level 2. HP: 20/21 MP: 5/5
  1138 | D:2      | Reached XP level 3. HP: 20/26 MP: 6/6
  1147 | D:2      | Learned a level 3 spell: Spider Form
  1302 | D:2      | Found a radiant altar of Vehumet.
  1461 | D:2      | Slain by a gnoll

Vault maps used:
D:1:      roderic_crossed_star
D:2:      lemuel_coloured_pillars_altar

Skill      XL: |  1 |
---------------+----+-----
Transmutations | 3 |  3.3
Fighting       | |  1.9
Dodging        | |  2.9
Unarmed Combat | |  3.5
Spellcasting   | |  2.4

Action                   || total
-------------------------++-------
Melee: Unarmed           ||   103
       Headbutt          ||     4
       Punch             ||     1
 Cast: Beastly Appendage ||     7
  Use: Scroll            ||     7
  Eat: Chunk             ||     2
Armor: Robe              ||    22
Dodge: Dodged            ||    79
